 Dungeon Crawl Stone Soup version 0.24-a0-459-g225fefd530 (webtiles) character file.

Game seed: 11812474068217095252

42 Gargoyl the Skirmisher (level 3, -1/31 HPs)
             Began as a Centaur Abyssal Knight on June 28, 2019.
             Was a Follower of Lugonu.
             Slain by a worm (9 damage)
             ... on level 2 of the Dungeon.
             The game lasted 00:01:44 (1397 turns).

Gargoyl the Skirmisher (Centaur Abyssal Knight)     Turns: 1397, Time: 00:01:44

Health: -1/31      AC:  5    Str: 14    XL:     3   Next: 33%
Magic:  4/4        EV:  8    Int: 11    God:    Lugonu [*.....]
Gold:   27         SH:  0    Dex: 11    Spells: 2/2 levels left

rFire    . . .     SeeInvis .   a - +1 hand axe
rCold    . . .     Gourm    .   (no shield)
rNeg     . . .     Faith    .   d - +0 ring mail
rPois    .         Spirit   .   (no helmet)
rElec    .         Reflect  .   (no cloak)
rCorr    .         Harm     .   (no gloves)
MR       .....                  (no barding)
Stlth    +.........             (no amulet)
HPRegen  0.10/turn              (no ring)
MPRegen  0.09/turn              (no ring)

@: very quick
A: large, hooves 3, thin skeletal structure 1, deformed body, speed 2, tough
skin 3, MP-powered wands
a: Depart the Abyss, Renounce Religion


You were on level 2 of the Dungeon.
You worshipped Lugonu.
Lugonu was aware of your devotion.
You were not hungry.

You visited 1 branch of the dungeon, and saw 2 of its levels.
You visited the Abyss 1 time.

You collected 27 gold pieces.

Inventory:

Hand Weapons
 a - a +1 hand axe (weapon)
Armour
 b - a +0 leather armour
 d - a +0 ring mail (worn)
Scrolls
 e - a scroll of enchant weapon {unknown}
Potions
 f - a potion of heal wounds {unknown}
Comestibles
 c - 2 rations
 g - 3 chunks of flesh


   Skills:
 + Level 3.5 Fighting
 + Level 2.1 Axes
 * Level 1.8 Armour
 * Level 1.1 Dodging
 * Level 2.3 Invocations


You had 2 spell levels left.
You didn't know any spells.
Your spell library was empty.

Dungeon Overview and Level Annotations

Branches:
Dungeon (2/15)

Altars:


Innate Abilities, Weirdness & Mutations

You have hooves in place of feet.
Armour fits poorly on your strangely shaped body.
You cover ground very quickly.
You have extremely tough skin. (AC +3)
You have a somewhat thin skeletal structure. (Dex +2, Stealth)
You expend magic power (3 MP) to strengthen your wands.


Message History

The worm is lightly wounded.
Unknown command.
You hit the worm but do no damage. You kick the worm.
The worm is moderately wounded.
You hit the rat.
You kill the rat!
Lugonu accepts your kill. The worm bites you.
Unknown command.
You barely miss the worm.
The worm is moderately wounded.
The worm bites you.
* * * LOW HITPOINT WARNING * * *
Unknown command.
You hit the worm but do no damage. You kick the worm, but do no damage.
The worm is lightly wounded.
You hit the worm.
The worm is heavily wounded.
The worm bites you!
You die...

#########...#
............###
.............
###..........
.....#.....####
.............
#..†.....#
#.w@.....#
#.$......#
+.=......#
#........#
#........#
#........#
#........#
#........#
#........#


You could see a worm.

Vanquished Creatures
  A gnoll (D:1)
  A worm (D:2)
  A leopard gecko (D:1)
  3 giant cockroaches
  2 goblins (D:1)
  3 hobgoblins
  A quokka (D:2)
  4 bats (D:1)
  3 frilled lizards
  2 kobolds (D:1)
  9 rats
30 creatures vanquished.

Notes
Turn   | Place    | Note
-------+----------+-------------------------------------------
     0 | Abyss:1  | Gargoyl the Centaur Abyssal Knight began the quest for the
                  | Orb.
     0 | Abyss:1  | Reached XP level 1. HP: 19/19 MP: 2/2
    65 | Abyss:1  | Noticed an apocalypse crab
    69 | Abyss:1  | Noticed a large abomination
    90 | Abyss:1  | Gained mutation: You have a somewhat thin skeletal
                  | structure. (Dex +2, Stealth) [potion of mutation]
    90 | Abyss:1  | Gained mutation: You expend magic power (3 MP) to
                  | strengthen your wands. [potion of mutation]
    93 | D:1      | Escaped the Abyss
   325 | D:1      | Reached XP level 2. HP: 16/26 MP: 3/3
   720 | D:1      | Reached * piety under Lugonu
   842 | D:1      | Reached skill level 1 in Dodging
   842 | D:1      | Reached XP level 3. HP: 23/31 MP: 4/4
  1397 | D:2      | Slain by a worm

Levels and vault maps discovered:
D:1:      kennysheep_arrival_forest, layout_basic
D:2:      layout_basic

Skill      XL: |  1  2 |
---------------+-------+-----
Axes           | 2 |  2.1
Dodging        | 1 |  1.1
Fighting       | |  3.5
Armour         | |  1.8
Invocations    | |  2.3

Action                   || total
-------------------------++-------
Melee: Hand axe          ||    76
       Kick              ||    13
Invok: Depart the Abyss  ||     1
  Use: Scroll            ||     1
       Potion            ||     1
  Eat: Chunk             ||     1
Armor: Ring mail         ||    37
       Leather armour    ||     3
Dodge: Dodged            ||    31

Table legend:
 A = Non-vault XP
 B = Vault XP
 C = Vault XP percentage of total XP
 D = Non-vault monster count
 E = Vault monster count
 F = Vault count percentage of total count
                 A         B        C        D         E       F
            +---------+---------+-------+---------+---------+-------
      Total |      60 |       0 |   0.0 |      30 |       0 |   0.0
            +---------+---------+-------+---------+---------+-------
        D:1 |      46 |       0 |   0.0 |      23 |       0 |   0.0
        D:2 |      14 |       0 |   0.0 |       7 |       0 |   0.0
            +---------+---------+-------+---------+---------+-------
